 Dungeon Crawl Stone Soup version 0.16-a0-4092-gb8933cd (console) character file.

28 MarvinPA the Grave Robber (level 3, 12/16 HPs)
             Began as a Spriggan Necromancer on Feb 24, 2015.
             Quit the game on level 1 of the Dungeon.
             The game lasted 00:01:39 (1598 turns).

MarvinPA the Grave Robber (Spriggan Necromancer)    Turns: 1598, Time: 00:01:39

Health: 12/16      AC:  2    Str:  4    XL:     3   Next: 0%
Magic:  9/11       EV: 18    Int: 17    God:
Gold:   18         SH:  0    Dex: 16    Spells: 1 memorised, 8 levels left

rFire  . . .     SeeInvis +     a - +0 dagger
rCold  . . .     Clarity  .     d - +0 robe
rNeg   . . .     SustAb   .     (shield restricted)
rPois  .         Gourm    .     (helmet restricted)
rElec  .         Spirit   .     (no cloak)
rCorr  .         Warding  .     (gloves unavailable)
rMut   .         Stasis   .     (boots unavailable)
MR     .....                    (no amulet)
Stlth  +++.......               (no ring)
                                (no ring)

@: very quick, not resistant to hostile enchantments, fairly stealthy
A: unfitting armour, see invisible, herbivore 3, speed 3, slow metabolism 2
a: no special abilities


You were on level 1 of the Dungeon.
You were not hungry.

You visited 1 branch of the dungeon, and saw 1 of its levels.

You collected 18 gold pieces.


Innate Abilities, Weirdness & Mutations

You are tiny and cannot use many weapons and most armour.
You have supernaturally acute eyesight.
You are a herbivore.
You cover ground extremely quickly.
You need consume almost no food.


   Skills:
 - Level 3.0 Dodging
 - Level 3.0 Stealth
 + Level 3.5 Spellcasting
 + Level 4.1 Necromancy


You had 8 spell levels left.
You knew the following spells:

 Your Spells              Type           Power        Failure   Level  Hunger
z - Pain                  Necr           ###.         2%          1    None

Inventory:

Hand weapons
 a - a +0 dagger (weapon)
Armour
 d - a +0 robe (worn)
Books
 b - a book of Necromancy
Comestibles
 c - a bread ration

Dungeon Overview and Level Annotations

Branches:
Dungeon (1/15)

Altars:

#.#### ##.###[##.............†...
.....# #.## ##.#.##.##.##########
#.##.###.# #......##.#
#.##.....## ##...##.##.#
#.......#.###.#........#######
####....##..........##)......#
####.#.###.##.#..##......###.#
..............#..##>.........####
#####.####......i................
#####.# #.......##..).#.##..###.
...##.# #...#####.......##..# ##
##.##.# #...# #..#........#
......# #...# #..#.##.##.##
##.#### #...#####..#.......#####
#.#######..................#....
#.#...............##..#.##.#....
#.................##..#.........


There were no monsters in sight!


Message History

Aiming: Pain
Aim: a ball python (chance 87%)
The ball python convulses in agony!
You kill the ball python!
Unknown command.
Magic restored.
A goblin comes into view. It is wielding a club.
You can't see any susceptible monsters within range! (Use Z to cast anyway.)
Aiming: Pain
Aim: a goblin, wielding a club (hasn't noticed you, chance 87%)
The goblin shouts!
The goblin convulses in agony!
You kill the goblin!
You have reached level 3!
Your experience leads to an increase in your attributes!
Increase (S)trength, (I)ntelligence, or (D)exterity?
You feel clever.
Are you sure you want to abandon this character and quit the game? (Confirm with "yes".)
Okay, then.
Drink which item? (? for menu, Esc to quit)
Okay, then.
Drink which item? (? for menu, Esc to quit)
It was a potion of restore abilities.
You feel refreshed.
Read which item? (? for menu, Esc to quit)
As you read the scroll labeled VOFO FISINGANY, it crumbles to dust.
You hear a loud clanging noise!
It was a scroll of noise.
Read which item? (? for menu, Esc to quit)
Unknown command.
Are you sure you want to abandon this character and quit the game? (Confirm with "yes".)

Action                   || total
-------------------------++-------
Melee: Dagger            ||     5
 Cast: Pain              ||    49
  Use: Scroll            ||     1
       Potion            ||     1

Vault maps used:
D:1:      lightli_arrival_flooded_house

Notes
Turn   | Place    | Note
--------------------------------------------------------------
     0 | D:1      | MarvinPA, the Spriggan Necromancer, began the quest for the Orb.
     0 | D:1      | Reached XP level 1. HP: 9/9 MP: 4/4
   416 | D:1      | Reached skill level 3 in Spellcasting
   711 | D:1      | Reached XP level 2. HP: 8/13 MP: 3/8
  1113 | D:1      | Reached skill level 4 in Necromancy
  1595 | D:1      | Reached XP level 3. HP: 13/16 MP: 9/11
  1598 | D:1      | Quit the game

Vanquished Creatures
  2 giant geckos (D:1)
  A ball python (D:1)
  6 bats (D:1)
  2 giant cockroaches (D:1)
  5 hobgoblins (D:1)
  2 jackals (D:1)
  A kobold (D:1)
  3 giant newts (D:1)
  A goblin (D:1)
  A rat (D:1)
24 creatures vanquished.
